 Dungeon Crawl Stone Soup version 0.31-a0-595-g4209ae197b (webtiles) character file.

Game seed: 5448781024170100060

157 Descartes the Ducker (level 5, -6/22 HPs)
             Began as a Felid Shapeshifter on Aug 20, 2023.
             Mangled by a sleepcap (19 damage)
             ... on level 4 of the Dungeon.
             The game lasted 00:04:38 (2717 turns).

Descartes the Ducker (Felid Shapeshifter)           Turns: 2717, Time: 00:04:39

Health: -6/22      AC:  1    Str: 13    XL:     5   Next: 15%
Magic:  6/6        EV:  4    Int: 10    God:
Gold:   214        SH:  0    Dex: 22    Spells: 2/4 levels left
                                        Lives:  0   Deaths: 1

rFire   . .          .
                       - Unarmed
rCold   . . .        (shield unavailable)
rNeg    . . .        (body armour unavailable)
rPois   +            (helmet unavailable)
rElec   .            (cloak unavailable)
rCorr   .            (gloves unavailable)
SInv    +            (boots unavailable)
Will    .....        (no amulet)
Stlth   +++          j - ring of poison resistance
HPRegen 0.23/turn    m - +6 ring of dexterity
MPRegen 0.10/turn

%: no passive effects
@: beast-form, sleeping, quick
A: beast (slay +2), very small, claws 1, fangs 3, see invisible, speed 1, shaggy
fur 1, stealthy paws, no weapons or thrown items, no armour, multi-lived
a: Begin Untransformation


You were on level 4 of the Dungeon.
You were a hulking beast.
You visited 1 branch of the dungeon, and saw 4 of its levels.

You collected 214 gold pieces.

Inventory:

Jewellery
 j - a ring of poison resistance (left paw)
 m - a +6 ring of dexterity (right paw)
 n - a ring of magical power
Talismans
 b - a beast talisman (active)
 c - a flux talisman
 l - a beast talisman (active)
Scrolls
 d - 4 scrolls of identify {unknown}
 e - 3 scrolls of noise {unknown}
 f - 2 scrolls of vulnerability {unknown}
 g - a scroll of blinking {unknown}
 h - a scroll of poison {unknown}
 i - a scroll of amnesia {unknown}
Potions
 a - 2 potions of lignification
 k - a potion of cancellation {unknown}
 o - a potion of ambrosia {unknown}
 p - 2 potions of curing {unknown}


   Skills:
 + Level 2.0 Fighting
 + Level 3.9 Dodging
 + Level 2.9 Stealth
 + Level 3.6 Unarmed Combat
 + Level 1.4 Translocations
 + Level 2.2 Evocations
 + Level 3.8 Shapeshifting


You had 2 spell levels left.
You knew the following spells:

 Your Spells              Type           Power      Damage    Failure   Level
a - Blink                 Tloc           4%         N/A       32%         2

Your spell library contained the following spells:

 Spells                   Type           Power      Damage    Failure   Level
 Vhi's Electric Charge    Tloc/Air       2%         N/A       65%         3
 Manifold Assault         Tloc           2%         N/A       91%         4
 Arcjolt                  Conj/Air       0%         1d10      100%        5
 Maxwell's Capacitive Co  Air            0%         ∞         100%        8


Dungeon Overview and Level Annotations

Branches:
Dungeon (4/15)
 Temple: D:4-7

Altars:
Kikubaaqudgha
Okawaru
Qazlal

Shops:
D:2 [   D:3 ?   D:4 [*


Innate Abilities, Weirdness & Mutations

You are a hulking beast.
Your limbs bulge with bestial killing power. (Slay +2)
You have sharp claws.
You have razor-sharp teeth.
You have supernaturally acute eyesight. (SInv)
You cover ground quickly. (Speed+)
You are covered in fur. (AC +1)
Your paws help you pounce on unaware monsters.
You are incapable of wielding weapons or throwing items.
You cannot wear armour.
You gain extra lives every three experience levels.


Message History

You hear a distant slurping noise.
You open the door.
A hobgoblin comes into view.
There is an open door here.
The hobgoblin hits you.
You closely miss the hobgoblin. The hobgoblin barely misses you.
You claw the hobgoblin!
You kill the hobgoblin!
No reachable target in view!
No reachable target in view!
No reachable target in view!
No reachable target in view!
No reachable target in view!
No reachable target in view!
HP restored.
There is an entrance to Jaopid's Armour Emporium here.
Okay, then.
Okay, then.
A sleepcap comes into view.
An adder comes into view.
You scratch the sleepcap.
The sleepcap is moderately damaged.
The sleepcap misses you.
You scratch the sleepcap but do no damage.
The sleepcap is moderately damaged.
The adder hisses angrily.
The sleepcap misses you.
You scratch the sleepcap but do no damage.
You bite the sleepcap.
The sleepcap is moderately damaged.
The sleepcap releases spores at you.
You claw the sleepcap!
You bite the sleepcap, but do no damage.
The sleepcap is heavily damaged.
The sleepcap releases spores at you.
You are engulfed in a cloud of soporific spores!
You fall asleep.
The sleepcap releases spores at you!!
Ouch! That really hurt!
You die...

.#.#.#.#.#......#####.
#.#.#.#.#.#.#.....#[..#.
.#.#.#.#.#.#....#.#####.
#.#.#.#.#.#.....#...∩...
#.#.#.#.#........#####.
#.#.#.#.#....##...#[..#.
.#.#.#.#....###...#####.
..#.#.#....## #.........
...#.#fh..## #......#..
....#.....# #......#..
#......S..# #......#..
##.....#.######'##'###..
####...........o.......
....................
#.#...........o......
......................
............o...


You could see a sleepcap and an adder.

Vanquished Creatures
  2 hounds
  An orc wizard (D:3)
  2 adders (D:2)
  2 worms
  4 dart slugs
  8 orcs
  5 ball pythons
  6 endoplasms
  5 giant cockroaches
  5 goblins
  9 hobgoblins
  2 jackals (D:2)
  4 quokkas
  7 bats
  6 frilled lizards
  A kobold (D:2)
  8 rats
77 creatures vanquished.

Notes
Turn   | Place    | Note
-------+----------+-------------------------------------------
     0 | D:1      | Descartes the Felid Shapeshifter began the quest for the
                  | Orb.
     0 | D:1      | Reached XP level 1. HP: 9/9 MP: 2/2
   131 | D:1      | Reached skill level 1 in Stealth
   131 | D:1      | Reached XP level 2. HP: 12/12 MP: 3/3
   592 | D:1      | Reached skill level 1 in Evocations
   866 | D:2      | Reached XP level 3. HP: 15/15 MP: 4/4
  1206 | D:2      | Found Usmemomi's Armour Shoppe.
  1517 | D:2      | Reached XP level 4. HP: 19/19 MP: 5/5
  1846 | D:3      | Found an ancient bone altar of Kikubaaqudgha.
  2041 | D:3      | Slain by an orc
  2042 | D:3      | Reached XP level 3. HP: 0/16 MP: 4/4
  2045 | D:3      | Learned a level 2 spell: Blink
  2114 | D:3      | Reached XP level 4. HP: 15/19 MP: 5/5
  2147 | D:3      | Found an iron altar of Okawaru.
  2169 | D:3      | Found The Oracle's Delphic Readings.
  2283 | D:3      | Reached skill level 1 in Translocations
  2376 | D:4      | Found a stormy altar of Qazlal.
  2461 | D:4      | Noticed an animated gold dragon scales
  2476 | D:4      | Found Jaopid's Armour Emporium.
  2627 | D:4      | Found Xaliefem's Assorted Antiques.
  2641 | D:4      | Reached XP level 5. HP: 22/22 MP: 6/6
  2680 | D:4      | Noticed an animated storm dragon scales
  2717 | D:4      | Mangled by a sleepcap

Illustrated notes

Levels and vault maps discovered:
D:1:      erik_arrival_cave_to_civilisation [erik_arrival_cave_to_hall],
          layout_loops_ring, hangedman_decor_clover_reticule, minmay_tromino_v2
D:2:      layout_basic, serial_shops, shop
D:3:      layout_basic, okawaru_trees_1, nicolae_kikubaaqudgha_miasma_corner,
          nicolae_nh_oracle_at_delphi
D:4:      layout_gridville, elyvilon_altar_1, kennysheep_little_box,
          nicolae_qazlal_scattered_showers, serial_shops, shop,
          nicolae_take_the_stairs, nicolae_shop_mannequins, serial_glass,
          glass_columns_c, glass_columns_b, nicolae_the_louvre

Skill      XL: |  1  2  3  4 |
---------------+-------------+-----
Stealth        | 1 2 |  2.9
Dodging        | 3 |  3.9
Evocations     | 1 2 |  2.2
Fighting       | 2 |  2.0
Translocations | 1 |  1.4
Unarmed Combat | |  3.6
Shapeshifting  | |  3.8

Action                     |  1- 3 |  4- 6 || total
---------------------------+-------+-------++-------
  Melee: Unarmed           |    85 |    77 ||   162
         Punch             |     5 |     6 ||    11
         Bite              |     5 |     8 ||    13
    Use: Potion            |     1 |       ||     1
   Stab: Sleeping          |     9 |     7 ||    16
 Armour: Skin              |     2 |     2 ||     4
  Dodge: Dodged            |    40 |    55 ||    95

Table legend: (Time is in decaauts)
 A = Elapsed time spent in this place.
 B = Non-inter-level travel time spent in this place.
 C = Inter-level travel time spent in this place.
 D = Time resting spent in this place.
 E = Time spent auto-exploring this place.
 F = Levels seen in this place.
 G = Mean time per level.
                   A        B        C        D        E       F      G
               +--------+--------+--------+--------+--------+-----+--------+
         Total |   2286 |   2172 |    114 |      6 |   1698 |   4 |  571.5 |
       Dungeon |   2286 |   2172 |    114 |      6 |   1698 |   4 |  571.5 |
               +--------+--------+--------+--------+--------+-----+--------+

Top non-repeatable levels by time:
     D:2: 716 daAuts
     D:1: 706 daAuts
     D:3: 638 daAuts
     D:4: 224 daAuts
